AoeStats
← kkkg

Arena

507276481Analyzed
1v1 RM · 14d ago on Sep 17, 2026· 38m 55s· 2 players
Game mode
Random Map
Map size
Tiny (2 player)
Population
200
Speed
Normal
Resources
Standard
Victory
Conquest
Starting age
Dark Age
Ending age
Imperial Age
RankedLock teamsTeams togetherTeam positionsShared explorationLock speedFull tech treeHidden civsTurbo modeCheats
Victory
Defeat
🇨🇳 Burgundians · China
914
+16
🇮🇳 Ethiopians · India
916
-16
kkkg
3:35 Double-Bit Axe
9:34 Horse Collar
12:54 Feudal Age
14:06 Bow Saw
16:48 Castle Age
20:13 Two-Man Saw
20:21 Heavy Plow
22:05 Fervor
25:32 Gold Mining
25:32 Stone Mining
26:30 Crop Rotation
28:09 Ballistics
28:30 Gold Shaft Mining
28:31 Stone Shaft Mining
27:57 Treadmill Crane
31:30 Imperial Age
30:24 Masonry
31:07 Wheelbarrow
30:19 Loom
30:20 Town Watch
31:54 Burgundian Vineyards
32:35 Hand Cart
32:21 Town Patrol
33:58 Conscription
33:01 Elite Coustillier
33:41 Elite Skirmisher
34:45 Fletching
35:06 Forging
35:02 Scale Barding Armor
35:00 Padded Archer Armor
36:01 Bodkin Arrow
36:42 Iron Casting
39:00 Chemistry
38:31 Architecture
sirf93anurag
8:47 Loom
11:30 Feudal Age
17:07 Castle Age
15:45 Horse Collar
16:22 Stone Mining
16:56 Gold Mining
17:58 Double-Bit Axe
25:14 Wheelbarrow
25:21 Scale Mail Armor
26:05 Forging
27:24 Fletching
27:07 Crossbowman
28:40 Padded Archer Armor
30:28 Thumb Ring
34:43 Imperial Age
32:53 Bodkin Arrow
33:53 Leather Archer Armor
35:14 Iron Casting
36:05 Chain Mail Armor
36:24 Ring Archer Armor
37:13 Squires
37:57 Gold Shaft Mining
Connection lost

Rejoining the realm…

Still unreachable

The connection could not be restored.

Session expired

The server has moved on; the page needs a fresh start.